 Dungeon Crawl Stone Soup version 0.31-a0-841-g038b102fc3 (webtiles) character file.

Game seed: 16407945057572527201

8036 Kurtz the Cleaver (level 11, -5/77 HPs)
             Began as an Octopode Fighter on Sept 27, 2023.
             Was an Elder of Okawaru.
             Slain by a great orb of eyes (shapeshifter) (6 damage)
             ... while paralysed by a great orb of eyes
             ... on level 9 of the Dungeon.
             The game lasted 00:16:39 (12328 turns).

Kurtz the Cleaver (Octopode Fighter)               Turns: 12328, Time: 00:16:42

Health: -5/77      AC:  1    Str: 17    XL:     11   Next: 24%
Magic:  5/15       EV:  2    Int: 11    God:    Okawaru [****..]
Gold:   426        SH:  0    Dex: 14    Spells: 10/10 levels left

rFire   . . .        K - +2 hand axe (elec)
rCold   + . .        A - +0 kite shield
rNeg    . . .        (helmet restricted)
rPois   .            (no amulet)
rElec   .            m - ring of protection from cold
rCorr   .            C - ring of flight
SInv    .            (no ring)
Will    .....        (no ring)
Stlth   ++++         (no ring)
HPRegen 0.32/turn    (no ring)
MPRegen 0.14/turn    (no ring)
                     (no ring)

%: no passive effects
@: paralysed, heroic, finesse-ful, flying
A: almost no armour, amphibious, 8 rings, camouflage 1, gelatinous body 1,
(nimble swimmer 1), tentacles
a: Renounce Religion, Heroism, Finesse


You were on level 9 of the Dungeon.
You worshipped Okawaru.
Okawaru was greatly pleased with you.
You visited 1 branch of the dungeon, and saw 9 of its levels.
You also visited: Sewer.

You collected 534 gold pieces.
You spent 108 gold pieces at shops.

Inventory:

Hand Weapons
 u - a +0 war axe of freezing
 w - a +0 whip of flaming
 D - a +4 hand axe
 E - a +5 flail
 F - a +2 morningstar
 K - a +2 hand axe of electrocution (weapon)
Missiles
 k - 32 poisoned darts (quivered)
 o - 10 boomerangs
 r - 2 throwing nets
Armour
 b - a +0 buckler
 A - a +0 kite shield (worn)
Jewellery
 d - a ring of ice
 m - a ring of protection from cold (left tentacle)
 C - a ring of flight (right tentacle)
 I - an amulet of regeneration
Wands
 p - a wand of flame (19)
Scrolls
 e - a scroll of revelation
 f - 3 scrolls of noise
 h - 4 scrolls of teleportation
 s - 3 scrolls of fear
 t - a scroll of butterflies {unknown}
 x - a scroll of poison {unknown}
 y - 3 scrolls of enchant armour {unknown}
 z - 2 scrolls of blinking {unknown}
 B - a scroll of enchant weapon {unknown}
 G - a scroll of fog {unknown}
 L - a scroll of identify
Potions
 a - a potion of magic {unknown}
 c - 2 potions of might
 g - 3 potions of cancellation
 i - 3 potions of lignification
 j - a potion of ambrosia {unknown}
 l - 2 potions of invisibility {unknown}
 n - a potion of resistance {unknown}
 q - a potion of heal wounds {unknown}
 v - 3 potions of haste {unknown}
 H - 2 potions of enlightenment {unknown}


   Skills:
 * Level 8.2(13.2) Fighting
 * Level 12.9(17.9) Axes
 - Level 6.7(11.7) Dodging
 * Level 4.0(9.0) Shields
 * Level 5.5 Invocations


You had 10 spell levels left.
You didn't know any spells.
Your spell library contained the following spells:

 Spells                   Type           Power      Damage    Failure   Level
 Apportation              Tloc           0%         N/A       58%         1
 Necrotise                Necr           0%         1d4       58%         1
 Ensorcelled Hibernation  Hex/Ice        0%         N/A       75%         2
 Jinxbite                 Hex            0%         N/A       75%         2
 Vampiric Draining        Necr           0%         2d6       92%         3
 Anguish                  Hex/Necr       0%         N/A       100%        4
 Dimensional Bullseye     Hex/Tloc       0%         N/A       100%        4
 Iskenderun's Mystic Bla  Conj/Tloc      0%         2d3       100%        4
 Agony                    Necr           0%         N/A       100%        5
 Summon Small Mammal      Summ           Unusable   N/A       N/A         1
 Tukima's Dance           Hex            Unusable   N/A       N/A         3

Dungeon Overview and Level Annotations

Branches:
Dungeon (9/15)             Temple (0/1) D:6            Lair (0/5) D:9
  Sewer (visited)
    Orc: D:9-12

Altars:
Cheibriados
Elyvilon
Fedhas
Hepliaklqana
Nemelex Xobeh
Okawaru
Ru
Trog
Vehumet
Wu Jian
Zin
The Shining One

Shops:
D:3 ?   D:6 (

Annotations:
D:4 1 runed translucent door, Crazy Yiuf
D:5 exclusion: downstairs
D:8 exclusions: Jeremiah, downstairs and orange demon


Innate Abilities, Weirdness & Mutations

You cannot wear most types of armour.
You are amphibious.
You can wear up to eight rings at the same time.
Your skin changes colour to match your surroundings (Stealth+).
Your rubbery body absorbs attacks. (AC +1, EV +1)
((You are camouflaged when in or above water. (Stealth+)))
You have tentacles for arms and can constrict up to eight enemies at once.


Message History

You hit the gnoll sergeant but do no damage.
You hit the gnoll.
Unknown command.
You hit the great orb of eyes.
Lightning courses through the great orb of eyes!
The great orb of eyes is severely wounded.
You hit the gnoll. You barely miss the gnoll sergeant.
The gnoll blocks your attack. The great orb of eyes gazes at you.
You feel your power leaking away.
You slash the great orb of eyes! You squeeze the great orb of eyes.
The great orb of eyes is almost dead.
You barely miss the gnoll. You closely miss the gnoll sergeant.
You hit the gnoll.
The gnoll sergeant hits you with a +0 great sword!
The gnoll hits you with a +0 club. You block the gnoll's attack.
The gnoll misses you.
You barely miss the great orb of eyes.
The great orb of eyes is almost dead.
You hit the gnoll but do no damage. You barely miss the gnoll sergeant.
You slash the gnoll!
You kill the gnoll!
Okawaru accepts your kill.
Unknown command.
You hit the great orb of eyes but do no damage.
The great orb of eyes is almost dead.
You hit the gnoll but do no damage. You barely miss the gnoll sergeant.
The great orb of eyes gazes at you.
You suddenly lose the ability to move!
The gnoll sergeant hits you with a +0 great sword!
The gnoll hits you from afar with a +0 spear.
The gnoll hits you with a +0 club! The great orb of eyes bites you!
The gnoll sergeant hits you with a +0 great sword!!
* * * LOW HITPOINT WARNING * * *
The gnoll hits you from afar with a +0 spear.
* * * LOW HITPOINT WARNING * * *
The gnoll hits you with a +0 club.
* * * LOW HITPOINT WARNING * * *
The great orb of eyes bites you.
You die...

#..# #..# #..#
#..# #..# #..#
#))# . #))# ..
#g@#####...
#g)Gg.....
####.........
#.......##########
#####...#........#
#...#........#
#...#........#
#...#........#
#...#........#


You could see a great orb of eyes, a gnoll sergeant and 2 gnolls.

Vanquished Creatures
  Harold (D:9)
  Pikel (D:4)
  Jeremiah (D:8)
  10 yaks (D:8)
  3 wyverns (D:8)
  Eustachio (D:4)
  Grum (D:8)
  A steam dragon (D:6)
  An acid dragon (D:9)
  3 water moccasins (D:8)
  Pargi (Sewer)
  4 sky beasts
  2 ogres
  3 ice beasts
  3 wolves (D:8)
  3 centaurs
  4 lemures (D:4)
  A phantom (D:5)
  A kobold brigand (D:6)
  3 bullfrogs
  A gnoll sergeant (D:6)
  A scorpion (D:4)
  3 wights (D:6)
  6 killer bees (D:9)
  5 howler monkeys
  7 hounds
  A jelly (D:4)
  2 gnoll boudas
  4 orc priests
  Jessica (D:3)
  Terence (D:3)
  6 iguanas
  Natasha (thrice) (D:4)
  7 orc wizards
  4 hell rats (D:7)
  16 gnolls
  3 adders
  27 river rats (D:7)
  A shadow imp (D:8)
  2 white imps (D:8)
  6 worms
  4 dart slugs
  26 orcs
  12 ball pythons
  9 bats
  7 endoplasms
  10 giant cockroaches
  11 goblins
  7 hobgoblins
  6 jackals
  6 quokkas
  8 frilled lizards
  15 kobolds
  6 rats
282 creatures vanquished.

Notes
Turn   | Place    | Note
-------+----------+-------------------------------------------
     0 | D:1      | Kurtz the Octopode Fighter began the quest for the Orb.
     0 | D:1      | Reached XP level 1. HP: 16/16 MP: 1/1
   119 | D:1      | Reached XP level 2. HP: 19/21 MP: 2/2
   174 | D:1      | Reached skill level 3 in Axes
   290 | D:1      | Reached XP level 3. HP: 23/26 MP: 3/3
   695 | D:2      | Reached skill level 4 in Axes
   722 | D:2      | Reached XP level 4. HP: 31/31 MP: 4/4
  1287 | D:3      | Found a glowing golden altar of the Shining One.
  1326 | D:3      | Noticed Terence
  1336 | D:3      | Killed Terence
  1337 | D:3      | Reached skill level 5 in Axes
  1337 | D:3      | Reached XP level 5. HP: 16/36 MP: 5/5
  1452 | D:3      | Found a faded altar of an unknown god.
  1498 | D:3      | Found a white marble altar of Elyvilon.
  1669 | D:3      | Found Zybuoshra's Magic Scroll Shop.
  1679 | D:3      | Bought a scroll of teleportation for 36 gold pieces
  1679 | D:3      | Bought a scroll of fear for 48 gold pieces
  1679 | D:3      | Bought a scroll of identify for 24 gold pieces
  1680 | D:3      | Noticed Jessica
  1684 | D:3      | Killed Jessica
  1852 | D:3      | Found a sparkling altar of Nemelex Xobeh.
  1989 | D:4      | Found a sacrificial altar of Ru.
  2026 | D:4      | Reached skill level 6 in Axes
  2027 | D:4      | Reached XP level 6. HP: 10/42 MP: 6/6
  2493 | D:4      | Noticed an ice beast
  2509 | D:4      | Killed an ice beast
  2510 | D:4      | Reached skill level 7 in Axes
  2510 | D:4      | Reached XP level 7. HP: 8/46 MP: 7/7
  2663 | D:4      | Found an ornate altar of the Wu Jian Council.
  2664 | D:4      | Found a bloodstained altar of Trog.
  3004 | D:4      | Noticed Natasha
  3016 | D:4      | Killed Natasha
  3290 | D:4      | Found an iron altar of Okawaru.
  3302 | D:4      | Became a worshipper of Warmaster Okawaru
  3629 | D:4      | Found a runed translucent door.
  3630 | D:4      | Noticed Crazy Yiuf
  3768 | D:4      | Found a blossoming altar of Fedhas.
  3862 | D:4      | Noticed Natasha
  3868 | D:4      | Killed Natasha
  3909 | D:4      | Noticed Natasha
  3919 | D:4      | Killed Natasha
  4291 | D:5      | Entered Level 5 of the Dungeon
  4291 | D:5      | Noticed Pikel
  4299 | D:5      | Noticed Eustachio
  4304 | D:4      | Killed Eustachio
  4305 | D:4      | Reached skill level 8 in Axes
  4305 | D:4      | Reached skill level 1 in Invocations
  4856 | D:4      | Reached XP level 8. HP: 54/54 MP: 8/8
  4888 | D:4      | Killed Pikel
  4888 | D:4      | Reached * piety under Okawaru
  5077 | D:5      | Reached skill level 9 in Axes
  5228 | D:5      | Found a glowing silver altar of Zin.
  5462 | D:5      | Reached skill level 5 in Fighting
  5751 | D:6      | Found Yvvaih's Antique Weapon Emporium.
  5768 | D:6      | Reached XP level 9. HP: 61/61 MP: 11/11
  5786 | D:6      | Found a glowing drain.
  5803 | Sewer    | Entered a sewer
  5889 | Sewer    | Noticed Pargi
  6035 | Sewer    | Killed Pargi
  6035 | Sewer    | Reached ** piety under Okawaru
  6488 | D:6      | Reached skill level 10 in Axes
  6603 | D:6      | Reached skill level 5 in Dodging
  6764 | D:6      | Found a snail-covered altar of Cheibriados.
  6850 | D:6      | Found a staircase to the Ecumenical Temple.
  7217 | D:6      | HP: 2/62 [something (6)]
  7554 | D:6      | Found a hazy altar of Hepliaklqana.
  7631 | D:6      | Found a faded altar of an unknown god.
  8024 | D:7      | You are sucked into a shaft and drop 1 floor!
  8069 | D:8      | Noticed Jeremiah
  8257 | D:7      | Reached *** piety under Okawaru
  8333 | D:7      | Found the +2 ratskin cloak {*Rats rPois rN+ Str-1 Int-1
                  | Dex+1}
  8350 | D:7      | Reached skill level 11 in Axes
  8350 | D:7      | Reached XP level 10. HP: 47/68 MP: 13/13
  9282 | D:8      | Noticed Grum
  9301 | D:8      | Killed Grum
  9541 | D:8      | Reached **** piety under Okawaru
 10047 | D:8      | Noticed an orange demon
 10367 | D:8      | Killed Jeremiah
 10368 | D:8      | Reached skill level 12 in Axes
 10683 | D:9      | Noticed Harold
 10708 | D:9      | Killed Harold
 10709 | D:9      | Reached skill level 5 in Invocations
 10939 | D:8      | Reached XP level 11. HP: 44/77 MP: 12/14
 11454 | D:9      | Found a radiant altar of Vehumet.
 11464 | D:9      | Noticed a shining eye
 11836 | D:9      | Found a staircase to the Lair.
 12314 | D:9      | Noticed a great orb of eyes
 12326 | D:9      | Paralysed by a great orb of eyes for 5 turns
 12328 | D:9      | HP: 3/77 [gnoll/+0 spear[a gnoll sergeant] (3)]
 12328 | D:9      | HP: 1/77 [gnoll/+0 club[a gnoll sergeant] (2)]
 12328 | D:9      | Slain by a great orb of eyes (shapeshifter)

Illustrated notes

Levels and vault maps discovered:
D:1:      dpeg_arrival_arbitrary_c, layout_basic
D:2:      minmay_wonky_spiral, layout_basic, minmay_pentomino_z2
D:3:      layout_rooms, nicolae_overflow_ecumenical_swirl,
          mainiacjoe_overflow_surrounded_room, tso_metal_star, serial_shops,
          nicolae_shop_trees, uniq_terence, uniq_jessica
D:4:      layout_loops_ring, mainiacjoe_overflow_24_doors,
          nicolae_overflow_crystal_walls, bloody_trog,
          okawaru_ov_weapons_minmay, nicolae_ru_great_annihilating_truth,
          uniq_natasha, uniq_crazy_yiuf_cottage
D:5:      layout_rooms, overflow_temple_1_default, uniq_pikel, uniq_eustachio
D:6:      layout_basic, beargit_hepliaklqana_dungeon_heroes,
          mainiacjoe_overflow_chevrons, minmay_temple_entry_slanted,
          serial_shops, nicolae_stop_n_shop_1, portal_sewer_entry_e
D:7:      wander_guarded_unrand_ratskin, layout_cave_pools,
          minmay_misc_feat_encased, hangedman_decor_opposing
D:8:      minmay_general_purpose_star, layout_basic, uniq_grum, uniq_jeremiah,
          uniq_amaemon
D:9:      layout_irregular_city, cheibrodos_ashenzari_chains,
          mainiacjoe_overflow_tiny_flanked, minmay_lair_entry_grove,
          chequers_avenue, uniq_harold

Skill      XL: |  1  2  3  4  5  6  7  8  9 10 11 |
---------------+----------------------------------+-----
Axes           | 3 4 5 6 7 8 9 11 12 | 12.9
Invocations    | 1 2 4 5 |  5.5
Fighting       | 5 6 7 8 |  8.2
Dodging        | 4 5 6 |  6.7
Shields        | 4 |  4.0

Action                     |  1- 3 |  4- 6 |  7- 9 | 10-12 || total
---------------------------+-------+-------+-------+-------++-------
  Melee: War axe           |    57 |   106 |   237 |   108 ||   508
         Constrict         |    13 |    24 |    61 |    35 ||   133
         Tentacles         |    12 |    20 |    66 |    83 ||   181
         Punch             |     1 |     3 |     2 |     4 ||    10
         Morningstar       |       |       |    17 |       ||    17
         Hand axe          |       |       |     8 |   154 ||   162
         Flail             |       |       |     6 |       ||     6
  Throw: Throwing net      |       |     1 |       |       ||     1
         Boomerang         |       |       |    13 |       ||    13
         Dart              |       |       |    17 |     5 ||    22
 Invoke: Heroism           |       |       |     1 |     5 ||     6
         Finesse           |       |       |       |     2 ||     2
  Evoke: Wand              |       |     5 |     7 |       ||    12
    Use: Potion            |       |     1 |     5 |     2 ||     8
         Scroll            |       |       |     5 |     1 ||     6
   Stab: Sleeping          |     7 |     7 |    10 |     2 ||    26
         Distracted        |       |     1 |       |       ||     1
         Invisible         |       |     1 |       |       ||     1
 Armour: Skin              |    17 |    47 |   146 |   102 ||   312
  Dodge: Dodged            |    36 |    53 |   139 |   115 ||   343
  Block: Buckler           |    12 |    19 |    31 |       ||    62
         Kite shield       |       |       |    21 |   109 ||   130

Table legend: (Time is in decaauts)
 A = Elapsed time spent in this place.
 B = Non-inter-level travel time spent in this place.
 C = Inter-level travel time spent in this place.
 D = Time resting spent in this place.
 E = Time spent auto-exploring this place.
 F = Levels seen in this place.
 G = Mean time per level.
                   A        B        C        D        E       F      G
               +--------+--------+--------+--------+--------+-----+--------+
         Total |  12394 |  11884 |    510 |   4769 |   4845 |  10 | 1239.4 |
       Dungeon |  12134 |  11624 |    510 |   4769 |   4694 |   9 | 1348.2 |
         Sewer |    259 |    259 |      0 |      0 |    151 |   1 |  259.0 |
               +--------+--------+--------+--------+--------+-----+--------+

Top non-repeatable levels by time:
     D:4: 2917 daAuts
     D:8: 2756 daAuts
     D:6: 1928 daAuts
     D:7: 996 daAuts
     D:3: 928 daAuts
     D:9: 693 daAuts
     D:2: 690 daAuts
     D:1: 657 daAuts
     D:5: 565 daAuts
   Sewer: 259 daAuts
